 Seeded DCSS version 0.28-a0-664-gc179e30c89 (webtiles) character file.

Game seed: 20211017 (custom seed)

31857 a11behringer the Bludgeoner (level 13, -26/73 (83) HPs)
             Began as a Gargoyle Fighter on Oct 16, 2021.
             Was a High Priest of Ru.
             Killed from afar by Azrael (32 damage)
             ... with a fireball
             ... on level 2 of the Orcish Mines.
             The game lasted 01:06:01 (15659 turns).

a11behringer the Bludgeoner (Gargoyle Fighter)     Turns: 15659, Time: 01:06:02

HP:   -26/73 (83)   AC: 41    Str: 30    XL:     13   Next: 60%
MP:   8/13          EV:  6    Int:  9    God:    Ru [*****.]
Gold: 306           SH: 10    Dex: 16    Spells: 12/12 levels left

rFire   . . .      SeeInvis .   I - +9 mace of Jieliuri {vorpal, Will+}
rCold   . . .      Faith    .   c - +0 buckler
rNeg    + . .      Spirit   .   g - +4 crystal plate armour
rPois   ∞          Reflect  +   M - +0 helmet
rElec   +          Harm     .   G - +0 cloak
rCorr   .          Rampage  .   y - +0 pair of gloves
Will    +....                   (no boots)
Stlth   ..........              e - amulet of reflection
HPRegen 0.22/turn               h - +6 ring of strength
MPRegen 0.13/turn               C - +6 ring of dexterity

@: exhausted, heavily drained
A: sickness immunity, AC +9, negative energy resistance 1, electricity
resistance, torment resistance 1, petrification resistance, no stealth,
inability to use devices, hated by all, no air magic, no hexes magic, no
necromancy magic
a: Renounce Religion, Draw Out Power, Power Leap, Apocalypse


You were on level 2 of the Orcish Mines.
You worshipped Ru.
Ru was extremely pleased with you.
You visited 2 branches of the dungeon, and saw 14 of its levels.

You collected 989 gold pieces.
You spent 683 gold pieces at shops.

Inventory:

Hand Weapons
 a - a +1 flail
 m - a +0 whip
 s - the +7 war axe "Bamoesu" {vorpal, rC- rCorr Str+4 Int+2 Stlth+}
   (You found it on level 5 of the Dungeon)

   It inflicts extra damage upon your enemies.
   Str:       It affects your strength (+4).
   Int:       It affects your intelligence (+2).
   rC:        It makes you vulnerable to cold.
   rCorr:     It protects you from acid and corrosion.
   Stlth:     It makes you more stealthy.
 w - a +0 great mace
 I - the +9 mace of Jieliuri (weapon) {vorpal, Will+}
   (You bought it in a shop on level 9 of the Dungeon)

   It inflicts extra damage upon your enemies.
   Will:      It increases your willpower.
 K - a +2 longbow of freezing
 N - a +5 hand crossbow of freezing
 O - a +1 vorpal morningstar
 P - a +0 longbow
 S - a +0 eveningstar of draining
Missiles
 n - 368 arrows
 u - 27 bolts
 F - 4 throwing nets (quivered)
Armour
 c - a +0 buckler (worn)
 g - a +4 crystal plate armour (worn)
 x - a +3 scale mail
 y - a +0 pair of gloves (worn)
 A - +0 steam dragon scales
 G - a +0 cloak (worn)
 M - a +0 helmet (worn)
Jewellery
 e - an amulet of reflection (around neck)
 h - a +6 ring of strength (left hand)
 k - the ring "Luoxin" {rCorr MP+9 Str+3 Int+3 Stlth+}
   (You took it off a death knight on level 12 of the Dungeon)

   [ring of resist corrosion]

   Str:       It affects your strength (+3).
   Int:       It affects your intelligence (+3).
   MP:        It affects your magic capacity (+9).
   rCorr:     It protects you from acid and corrosion.
   Stlth:     It makes you more stealthy.
 l - a ring of protection from fire
 p - an amulet of guardian spirit
 v - a ring of ice
 C - a +6 ring of dexterity (right hand)
 E - an amulet of faith
 J - an amulet of magic regeneration
 R - a ring of magical power
Scrolls
 b - a scroll of fear
 i - 6 scrolls of noise
 o - 4 scrolls of magic mapping
 L - a scroll of identify
 Q - a scroll of teleportation
Potions
 d - 3 potions of might
 f - 3 potions of magic
 j - 5 potions of brilliance
 q - 2 potions of invisibility {unknown}
 r - 6 potions of degeneration
 t - 2 potions of lignification
 z - 4 potions of haste {unknown}
 B - 3 potions of curing
 D - a potion of resistance {unknown}
 H - a potion of cancellation {unknown}


   Skills:
 + Level 10.6 Fighting
 * Level 16.7 Maces & Flails
 * Level 14.0 Armour
 - Level 0.1 Dodging
 - Level 4.0 Shields


You had 12 spell levels left.
You didn't know any spells.
Your spell library contained the following spells:

 Spells                   Type           Power      Damage    Failure   Level
 Apportation              Tloc           0%         N/A       100%        1
 Magic Dart               Conj           0%         1d3       100%        1
 Blade Hands              Tmut           0%         N/A       100%        5
 Fireball                 Conj/Fire      0%         3d3       100%        5
 Starburst                Conj/Fire      0%         6d3       100%        6
 Ignition                 Fire           0%         3d3       100%        8
 Polar Vortex             Ice            0%         N/A       100%        9
 Animate Skeleton         Necr           Unusable   N/A       N/A         1
 Summon Small Mammal      Summ           Unusable   N/A       N/A         1
 Call Imp                 Summ           Unusable   N/A       N/A         2
 Mephitic Cloud           Conj/Pois/Air  Unusable   N/A       N/A         3
 Portal Projectile        Hex/Tloc       Unusable   N/A       N/A         3
 Excruciating Wounds      Necr           Unusable   N/A       N/A         5
 Freezing Cloud           Conj/Ice/Air   Unusable   6-21      N/A         5
 Simulacrum               Ice/Necr       Unusable   N/A       N/A         6

Dungeon Overview and Level Annotations

Branches:
Dungeon (12/15)            Temple (0/1) D:5            Lair (0/6) D:8
    Orc (2/2) D:9
    Elf: Orc:2

Altars:
Ashenzari
Cheibriados
Elyvilon
Fedhas
Kikubaaqudgha
Makhleb
Nemelex Xobeh
Ru
Sif Muna
Trog
Uskayaw
Xom

Shops:
D:3 =   D:4 =   D:9 ([

Annotations:
D:3 exclusion: oklob plant
D:12 4 runed translucent doors
Orc:2 Azrael


Innate Abilities, Weirdness & Mutations

You are immune to sickness and miasma.
Your stone body is resilient. (AC +9)
You are immune to poison.
You resist negative energy. (rN+)
You are resistant to electric shocks. (rElec)
You are resistant to unholy torment.
You are immune to petrification.
You cannot be stealthy.
You cannot study or use magical devices.
You are hated by all.
You cannot study or cast Air magic.
You cannot study or cast Hexes magic.
You cannot study or cast Necromancy magic.


Message History

There is a stone staircase leading up here.
A fire elemental comes into view.
Found 27 gold pieces.
Azrael gestures at you.
The sphere of damnation explodes!
The damnation engulfs you!!
You hear a shout! x16
Aiming: Power Leap
Press: ? - help, Dir - move target An orc wizard comes into view.
It is wielding a +0 dagger.
Found 25 gold pieces.
The fire elemental hits you. The fire elemental burns you!
The fire elemental closely misses you. You block Azrael's attack.
You redirect the hell hound's attack!
The hell hound barely misses itself.
You sock Azrael!
Azrael is moderately wounded.
The hell hound bites you but does no damage.
The fire elemental barely misses you. You block the fire elemental's attack.
The fire elemental hits you. The fire elemental burns you!
The hell hound completely misses you. You block the hell hound's attack.
You hit Azrael.
Azrael is heavily wounded.
The fire elemental is stunned by your conviction and fails to attack.
The fire elemental hits you. The fire elemental burns you!
Azrael says, "You child of a motherless goat."
Azrael hits you but does no damage. The fire elemental hits you.
The hell hound bites you but does no damage.
The hell hound breathes flames at you. The blast of flame hits you!!
* * * LOW HITPOINT WARNING * * *
The blast of flame hits the hell hound.
The hell hound completely resists.
You hit Azrael but do no damage.
Azrael is heavily wounded.
The fire elemental hits you. You block the fire elemental's attack.
The fire elemental completely misses you.
An orc wizard comes into view. It is wielding a +0 dagger.
The hell hound completely misses you. Azrael gestures at you.
The fireball explodes!
The fireball engulfs you!!
You die...

................
..................#
...................
...................
...................
#.....<..$........
....#............
.$.........Eh.#.
...........@E#E○
..........hER°..○..
#..#.......E°......
....<......°.......
....#.......°......
.................#
...............
....o........$#


You could see Azrael, 4 fire elementals, 2 hell hounds and an orc wizard.

Vanquished Creatures
  Jorgrun (D:12)
  Harold (D:8)
  A boulder beetle (D:11)
  2 centaur warriors (D:11)
  A catoblepas (D:11)
  2 hydras
  9 two-headed ogres
  2 death knights
  Urug (D:12)
  3 skeletal warriors (D:12)
  An orc knight (D:11)
  A deep elf pyromancer (D:11)
  2 manticores
  2 cyclopes
  3 slime creatures (D:12)
  2 gargoyles (D:12)
  A freezing wraith (D:12)
  A komodo dragon (D:8)
  4 trolls
  A meliai (D:11)
  A centaur simulacrum (D:12)
  A shadow (D:10)
  A tarantella (shapeshifter) (D:11)
  A wyvern (D:9)
  2 wraiths (D:11)
  2 steam dragons (D:6)
  22 yaks
  2 vampire mosquitoes (D:11)
  3 acid dragons (D:11)
  3 water moccasins
  2 ice beasts
  Duvessa (D:7)
  4 black bears
  16 orc warriors
  2 sky beasts
  A hornet zombie (D:8)
  2 ogres
  5 necrophages (D:8)
  10 centaurs
  A phantom (D:5)
  A kobold brigand (D:6)
  6 bullfrogs
  4 scorpions
  A wyvern zombie (D:8)
  Dowan (D:7)
  A wyvern skeleton (D:7)
  18 killer bees
  2 wights (D:8)
  A water moccasin skeleton (D:4)
  4 howler monkeys
  3 electric eels (D:11)
  6 centaur zombies
  7 hounds
  A human zombie (D:8)
  5 orc priests (Orc:1)
  A jelly (D:6)
  2 bullfrog skeletons
  2 centaur skeletons
  12 orc wizards
  An iguana (D:5)
  A killer bee zombie (D:8)
  8 adders
  A white imp (D:7)
  An ufetubus (D:7)
  2 worms
  2 dart slugs
  34 orcs
  3 bats
  10 endoplasms
  2 giant cockroaches (D:2)
  6 goblins
  9 hobgoblins
  4 jackals (D:5)
  A quokka (D:2)
  3 ball pythons
  3 frilled lizards
  10 kobolds
  2 rats
304 creatures vanquished.

Vanquished Creatures (others)
  A two-headed ogre (D:12)
  A yak (D:12)
  A steam dragon (D:9)
  A kobold brigand (D:9)
  A killer bee (D:11)
  A howler monkey (D:11)
  An orc wizard (D:7)
  A dart slug (D:3)
  7 orcs
  4 fungi (D:11)
  46 plants (D:8)
  15 toadstools (D:3)
80 creatures vanquished.

Grand Total: 384 creatures vanquished

Notes
Turn   | Place    | Note
-------+----------+-------------------------------------------
     0 | D:1      | a11behringer the Gargoyle Fighter began the quest for the
                  | Orb.
     0 | D:1      | Reached XP level 1. HP: 14/14 MP: 1/1
   237 | D:1      | Reached XP level 2. HP: 13/19 MP: 2/2
  1099 | D:2      | Found a faded altar of an unknown god.
  1110 | D:2      | Prayed at the altar of an unknown god.
  1110 | D:2      | Became a worshipper of Ru the Awakened
  1113 | D:2      | Gained mutation: You cannot study or cast Air magic. [Ru
                  | sacrifice]
  1113 | D:2      | Gained mutation: You cannot study or cast Hexes magic. [Ru
                  | sacrifice]
  1113 | D:2      | Gained mutation: You cannot study or cast Necromancy magic.
                  | [Ru sacrifice]
  1113 | D:2      | Reached * piety under Ru
  1185 | D:2      | Reached XP level 3. HP: 23/23 MP: 3/3
  1456 | D:2      | Reached skill level 3 in Maces & Flails
  1922 | D:3      | Reached XP level 4. HP: 28/28 MP: 4/4
  2422 | D:3      | Found a blossoming altar of Fedhas.
  2436 | D:3      | Noticed an oklob plant
  2534 | D:3      | Found Reckez's Jewellery Shoppe.
  2546 | D:3      | Identified a scroll of acquirement
  2546 | D:3      | Acquired a +2 crystal plate armour
  3194 | D:4      | Reached XP level 5. HP: 29/33 MP: 5/5
  3242 | D:4      | Gained mutation: You cannot study or use magical devices.
                  | [Ru sacrifice]
  3242 | D:4      | Reached ** piety under Ru
  3242 | D:4      | Reached *** piety under Ru
  3255 | D:4      | Reached skill level 4 in Maces & Flails
  3326 | D:4      | Found Ijeethrimy's Jewellery Emporium.
  3416 | D:4      | Found a burning altar of Makhleb.
  3443 | D:4      | Found a sparkling altar of Nemelex Xobeh.
  3484 | D:4      | Found a hide-covered altar of Uskayaw.
  3734 | D:5      | Entered Level 5 of the Dungeon
  3748 | D:5      | Noticed an ice beast
  3782 | D:5      | Killed an ice beast
  3783 | D:5      | Reached skill level 5 in Maces & Flails
  3783 | D:5      | Reached XP level 6. HP: 22/38 MP: 6/6
  3989 | D:5      | Noticed a black bear
  4002 | D:5      | Killed a black bear
  4009 | D:5      | Reached skill level 5 in Armour
  4009 | D:5      | Reached XP level 7. HP: 30/43 MP: 7/7
  4151 | D:5      | Identified the +7 war axe "Bamoesu" {vorpal, rC- rCorr
                  | Str+4 Int+2 Stlth+}
  4183 | D:5      | Found a broken altar of Ashenzari.
  4336 | D:5      | Reached skill level 6 in Maces & Flails
  4507 | D:5      | Found a staircase to the Ecumenical Temple.
  4935 | D:6      | Found a shimmering blue altar of Sif Muna.
  5036 | D:6      | Reached skill level 7 in Maces & Flails
  5036 | D:6      | Reached XP level 8. HP: 45/48 MP: 8/8
  5286 | D:6      | Noticed a cyclops
  5301 | D:6      | Killed a cyclops
  5302 | D:6      | Reached skill level 8 in Maces & Flails
  5496 | D:6      | Reached skill level 5 in Fighting
  5496 | D:6      | Reached skill level 9 in Maces & Flails
  5499 | D:6      | Gained mutation: You cannot be stealthy. [Ru sacrifice]
  5499 | D:6      | Reached **** piety under Ru
  5621 | D:6      | Reached XP level 9. HP: 51/54 MP: 3/9
  5861 | D:6      | Found a white marble altar of Elyvilon.
  6196 | D:7      | Reached skill level 10 in Maces & Flails
  6542 | D:7      | Noticed Dowan
  6543 | D:7      | Noticed Duvessa
  6566 | D:7      | Killed Duvessa
  6567 | D:7      | Killed Dowan
  6790 | D:7      | Found a bloodstained altar of Trog.
  6820 | D:7      | Found a snail-covered altar of Cheibriados.
  7056 | D:7      | Reached skill level 11 in Maces & Flails
  7332 | D:8      | Noticed Harold
  7357 | D:8      | Killed Harold
  7358 | D:8      | Reached XP level 10. HP: 45/60 MP: 10/10
  7411 | D:8      | Found a shimmering altar of Xom.
  7803 | D:8      | Reached skill level 12 in Maces & Flails
  7819 | D:8      | Found an ancient bone altar of Kikubaaqudgha.
  7895 | D:8      | Gained mutation: You are hated by all. [Ru sacrifice]
  7895 | D:8      | Reached ***** piety under Ru
  8069 | D:8      | Noticed a two-headed ogre
  8075 | D:8      | Killed a two-headed ogre
  8223 | D:8      | Found a staircase to the Lair.
  8236 | D:8      | Reached skill level 13 in Maces & Flails
  8610 | D:9      | Reached XP level 11. HP: 65/67 MP: 11/11
  8764 | D:9      | Found Juokio's Armour Shop.
  8766 | D:9      | Found a staircase to the Orcish Mines.
  8768 | D:9      | Found Gaetaav's Weapon Shop.
  9416 | D:9      | Reached skill level 14 in Maces & Flails
  9718 | D:10     | Entered Level 10 of the Dungeon
  9794 | D:10     | Noticed a two-headed ogre
  9805 | D:10     | Killed a two-headed ogre
  9937 | D:10     | Noticed a two-headed ogre
  9939 | D:10     | Killed a two-headed ogre
 10066 | D:10     | Noticed a two-headed ogre
 10067 | D:10     | Killed a two-headed ogre
 10484 | D:10     | Found a sacrificial altar of Ru.
 11092 | D:11     | Reached skill level 10 in Armour
 11201 | D:11     | Noticed a two-headed ogre
 11207 | D:11     | Killed a two-headed ogre
 11274 | D:11     | Noticed a manticore
 11281 | D:11     | Killed a manticore
 11314 | D:11     | Noticed a two-headed ogre
 11322 | D:11     | Reached XP level 12. HP: 45/64 MP: 7/12
 11334 | D:11     | Killed a two-headed ogre
 11335 | D:11     | Reached skill level 15 in Maces & Flails
 11500 | D:11     | Noticed a death knight
 11500 | D:11     | Noticed a five-headed hydra
 11506 | D:11     | Killed a death knight
 11509 | D:11     | Killed a five-headed hydra
 11517 | D:11     | Noticed a two-headed ogre
 11554 | D:11     | Killed a two-headed ogre
 11566 | D:11     | Noticed a two-headed ogre
 11572 | D:11     | Killed a two-headed ogre
 11603 | D:11     | Found a runed translucent door.
 11603 | D:11     | Found a runed translucent door.
 11634 | D:11     | Noticed a boulder beetle
 11638 | D:11     | Noticed a centaur warrior
 11643 | D:11     | Killed a boulder beetle
 11646 | D:11     | Killed a centaur warrior
 11651 | D:11     | Noticed a catoblepas
 11711 | D:11     | Killed a catoblepas
 12149 | D:11     | Noticed a two-headed ogre
 12160 | D:11     | Killed a two-headed ogre
 12203 | D:11     | Noticed a centaur warrior
 12207 | D:11     | Killed a centaur warrior
 12231 | D:11     | Reached skill level 16 in Maces & Flails
 12372 | D:11     | Reached XP level 13. HP: 64/73 MP: 13/13
 13211 | D:12     | Reached skill level 10 in Fighting
 13628 | D:12     | Noticed Jorgrun
 13647 | D:12     | Noticed Urug
 13651 | D:12     | HP: 2/70 [Jorgrun/iron shot (7)]
 13654 | D:12     | Killed Jorgrun
 14022 | D:12     | Found a huge runed translucent gate.
 14022 | D:12     | Found a huge runed translucent gate.
 14023 | D:12     | Found a huge runed translucent gate.
 14024 | D:12     | Found a huge runed translucent gate.
 14055 | D:12     | Identified the ring "Luoxin" {rCorr MP+9 Str+3 Int+3
                  | Stlth+}
 14986 | D:12     | Killed Urug
 15056 | D:9      | Bought the +9 mace of Jieliuri {vorpal, Will+} for 683 gold
                  | pieces
 15070 | Orc:1    | Entered Level 1 of the Orcish Mines
 15654 | Orc:2    | Entered Level 2 of the Orcish Mines
 15654 | Orc:2    | Noticed Azrael
 15659 | Orc:2    | Killed from afar by Azrael

Illustrated notes

Levels and vault maps discovered:
D:1:      dpeg_arrival_boxes_within_box, layout_loops_ring
D:2:      layout_basic, shapermc_ecumenical_altar_notcrosses, minmay_box_of_dots
D:3:      layout_basic, tgw_fedhas, serial_shops, shop
D:4:      layout_cave_pools, mainiacjoe_overflow_six_doors_small,
          nemelex_xobeh_ov_fountains_minmay, mainiacjoe_overflow_catwalk,
          serial_shops, shop
D:5:      layout_loops_ring, mainiacjoe_overflow_boulevard,
          minmay_temple_entry_from_below_a
D:6:      layout_cave_pods, mainiacjoe_overflow_alcove_4, kennysheep_little_box
D:7:      layout_layer_cave, trog_ov_bears_minmay, cheibriados_altar_1,
          uniq_duvessa
D:8:      layout_cave_pods, xom_teletrap_fun,
          lemuel_mausoleum_altar_kikubaaqudgha, david_lair_shrubbed, uniq_harold
D:9:      layout_basic, orc_david_3
D:10:     layout_roguey, nicolae_ru_sacrificial_ziggurat
D:11:     minmay_the_grid_triangle_9x9_line_8_mashed
          [minmay_the_grid_triangle_9x9_cache,
          minmay_the_grid_triangle_9x9_flanged_cone,
          minmay_the_grid_triangle_9x9_skeleton,
          minmay_the_grid_triangle_9x9_zippers_vertical,
          minmay_the_grid_triangle_9x9_steps,
          minmay_the_grid_triangle_9x9_longest,
          minmay_the_grid_triangle_9x9_tough_junction,
          minmay_the_grid_triangle_9x9_prize_schism], layout_basic,
          water_boxes_lemuel
D:12:     lemuel_bear_cage, layout_loops_ring, uniq_jorgrun, uniq_urug
Orc:1:    layout_caves
Orc:2:    st_orc_ogre_mass, layout_caves, basic_altar, serial_shops, shop,
          mines1_david, uniq_azrael

Skill      XL: |  1  2  3  4  5  6  7  8  9 10 11 12 13 |
---------------+----------------------------------------+-----
Maces & Flails | 3 5 7 9 11 13 14 16 | 16.7
Shields        | 4 |  4.0
Armour         | 4 5 6 7 8 10 12 14 | 14.0
Fighting       | 4 5 6 7 8 9 10 | 10.6
Dodging        | |  0.1

Action                   |  1- 3 |  4- 6 |  7- 9 | 10-12 | 13-15 || total
-------------------------+-------+-------+-------+-------+-------++-------
Melee: Flail             |   118 |   154 |   274 |   596 |       ||  1142
       Morningstar       |       |       |       |    31 |   160 ||   191
       Mace              |       |       |       |       |    56 ||    56
Throw: Throwing net      |       |       |       |       |     1 ||     1
Invok: Sacrifice Arcana  |     1 |       |       |       |       ||     1
       Sacrifice Artific |       |     1 |       |       |       ||     1
       Draw Out Power    |       |       |     2 |     3 |       ||     5
       Power Leap        |       |       |     1 |     2 |     3 ||     6
       Sacrifice Stealth |       |       |     1 |       |       ||     1
       Sacrifice Love    |       |       |       |     1 |       ||     1
       Apocalypse        |       |       |       |     9 |     4 ||    13
       Reject Sacrifices |       |       |       |     1 |       ||     1
  Use: Scroll            |     2 |     7 |     1 |    10 |     2 ||    22
       Potion            |       |       |       |     2 |     5 ||     7
 Stab: Distracted        |       |       |     2 |     4 |       ||     6
       Held in net/web   |       |       |     2 |       |       ||     2
       Invisible         |       |       |       |     3 |     2 ||     5
       Paralysed         |       |       |       |     4 |       ||     4
       Petrified         |       |       |       |     4 |       ||     4
Armor: Scale mail        |    44 |    15 |   111 |    72 |       ||   242
       Crystal plate arm |       |    69 |       |   169 |   143 ||   381
Dodge: Dodged            |    44 |    26 |   101 |   143 |    36 ||   350
Block: Buckler           |    71 |    59 |   125 |   220 |    88 ||   563
       Reflection        |     2 |     1 |     4 |     5 |     3 ||    15

Table legend: (Time is in decaauts)
 A = Elapsed time spent in this place.
 B = Non-inter-level travel time spent in this place.
 C = Inter-level travel time spent in this place.
 D = Time resting spent in this place.
 E = Time spent auto-exploring this place.
 F = Levels seen in this place.
 G = Mean time per level.
                   A        B        C        D        E       F      G
               +--------+--------+--------+--------+--------+-----+--------+
         Total |  15506 |  13235 |   2271 |      0 |  10644 |  14 | 1107.6 |
       Dungeon |  15175 |  12944 |   2231 |      0 |  10437 |  12 | 1264.6 |
  Orcish Mines |    330 |    290 |     40 |      0 |    207 |   2 |  165.0 |
               +--------+--------+--------+--------+--------+-----+--------+

Top non-repeatable levels by time:
    D:11: 2315 daAuts
     D:9: 1586 daAuts
    D:12: 1444 daAuts
     D:3: 1289 daAuts
     D:7: 1258 daAuts
     D:6: 1240 daAuts
     D:8: 1227 daAuts
     D:5: 1181 daAuts
    D:10: 1014 daAuts
     D:2: 976 daAuts
     D:1: 967 daAuts
     D:4: 673 daAuts
   Orc:1: 326 daAuts
   Orc:2: 4 daAuts
